 Dungeon Crawl Stone Soup version 0.29.1-1-gd02db6906a (webtiles) character file.

Game seed: 10104260284128582386

24 H0rd4k the Insei (level 3, -1/23 HPs)
             Began as an Octopode Transmuter on Oct 17, 2022.
             Slain by a worm (12 damage)
             ... on level 2 of the Dungeon.
             The game lasted 00:00:38 (1158 turns).

H0rd4k the Insei (Octopode Transmuter)              Turns: 1158, Time: 00:00:39

Health: -1/23      AC:  1    Str:  9    XL:     3   Next: 2%
Magic:  6/6        EV: 13    Int: 17    God:
Gold:   13         SH:  0    Dex: 12    Spells: 5/6 levels left

rFire   . . .      SeeInvis .     - Unarmed
rCold   . . .      Faith    .   (no shield)
rNeg    . . .      Spirit   .   (helmet restricted)
rPois   .          Reflect  .   (no amulet)
rElec   .          Harm     .   (no ring)
rCorr   .          Rampage  .   (no ring)
Will    .....                   (no ring)
Stlth   +++.......              (no ring)
HPRegen 0.07/turn               (no ring)
MPRegen 0.10/turn               (no ring)
                                (no ring)
                                (no ring)

@: no status effects
A: almost no armour, amphibious, 8 rings, camouflage 1, gelatinous body 1,
(nimble swimmer 1), tentacles
a: no special abilities


You were on level 2 of the Dungeon.
You visited 1 branch of the dungeon, and saw 2 of its levels.

You collected 13 gold pieces.

Inventory:

Magical Staves
 e - a staff of cold
Scrolls
 d - a scroll of amnesia {unknown}
 f - a scroll of identify {unknown}
 g - a scroll of blinking {unknown}
Potions
 a - 3 potions of lignification
 b - a potion of heal wounds {unknown}
 c - 2 potions of curing {unknown}
 h - a potion of mutation {unknown}
 i - a potion of degeneration {unknown}


   Skills:
 + Level 1.0 Fighting
 + Level 2.1 Dodging
 + Level 2.1 Stealth
 + Level 3.4 Unarmed Combat
 + Level 2.1 Spellcasting
 + Level 2.1 Transmutations


You had 5 spell levels left.
You knew the following spells:

 Your Spells              Type           Power      Damage    Failure   Level
a - Beastly Appendage     Tmut           16%        N/A       9%          1

Your spell library contained the following spells:

 Spells                   Type           Power      Damage    Failure   Level
 Wereblood                Tmut           8%         N/A       12%         2
 Spider Form              Tmut/Pois      5%         N/A       36%         3
 Ice Form                 Ice/Tmut       5%         N/A       77%         4


Dungeon Overview and Level Annotations

Branches:
Dungeon (2/15)

Altars:


Innate Abilities, Weirdness & Mutations

You cannot wear most types of armour.
You are amphibious.
You can wear up to eight rings at the same time.
Your skin changes colour to match your surroundings (Stealth+).
Your rubbery body absorbs attacks. (AC +1, EV +1)
((You are camouflaged when in or above water. (Stealth+)))
You have tentacles for arms and can constrict up to eight enemies at once.


Message History

You kill the hobgoblin!
You have reached level 3!
Your experience leads to an increase in your attributes!
Increase (S)trength, (I)ntelligence, or (D)exterity?
You feel clever. x2
You see here a +1 helmet.
There is an escape hatch in the floor here.
Found a stone staircase leading down.
A worm comes into view.
A worm is nearby!
The helpless worm fails to defend itself.
You tentacle-slap the worm. You grab the worm.
The worm is lightly wounded.
You constrict the worm. The worm bites you.
A worm is nearby!
You tentacle-slap the worm. Your squeeze misses the worm.
The worm is moderately wounded.
You constrict the worm. The worm bites you!
You tentacle-slap the worm. You squeeze the worm, but do no damage.
The worm is heavily wounded.
You constrict the worm.
You tentacle-slap the worm but do no damage.
The worm is heavily wounded.
You constrict the worm. The worm bites you.
A worm is nearby!
You are too injured to fight recklessly!
A worm is nearby!
You are too injured to fight recklessly!
A worm is nearby!
You are too injured to fight recklessly!
A worm is nearby!
You are too injured to fight recklessly!
You tentacle-slap the worm but do no damage.
The worm is severely wounded.
You constrict the worm.
You tentacle-slap the worm but do no damage.
The worm is severely wounded.
You constrict the worm. The worm bites you!
Ouch! That really hurt!
You die...

#.##.# ## #.##.# #.#
###.##.## #.# #<.[##.#.
## #.######.####.#. ##
#.# ##>.......# #.#.
....#.###.######..###.#.
#...w#.## #........ #@##
#.####.#. #.....# #.#
#... #.....# #.# #...
#.....# #.# ##.. #.....#
#.# ##. #.....# #.# #.
#>.#..# .. . #.. ...


You could see a worm.

Vanquished Creatures
  A dart slug (D:1)
  2 endoplasms (D:1)
  3 goblins (D:1)
  A hobgoblin (D:2)
  2 jackals (D:1)
  3 kobolds (D:1)
  4 ball pythons
  A bat (D:1)
  4 frilled lizards (D:1)
  A rat (D:1)
22 creatures vanquished.

Notes
Turn   | Place    | Note
-------+----------+-------------------------------------------
     0 | D:1      | H0rd4k the Octopode Transmuter began the quest for the Orb.
     0 | D:1      | Reached XP level 1. HP: 13/13 MP: 3/3
   235 | D:1      | Reached XP level 2. HP: 15/18 MP: 5/5
   432 | D:1      | Reached skill level 1 in Stealth
  1128 | D:2      | Reached XP level 3. HP: 23/23 MP: 6/6
  1158 | D:2      | Slain by a worm

Illustrated notes

Levels and vault maps discovered:
D:1:      ebering_trefoil_twist, layout_basic, nicolae_titane
D:2:      layout_loops_ring, serial_shops, nicolae_square_shop,
          nicolae_shop_advertising_works [nicolae_subvault_shop_adworks],
          nicolae_shop_statue_plus, nicolae_shop_hallway_plus,
          nicolae_shop_bloodbath_and_beyond, basic_ecumenical_altar,
          minmay_misc_feat_doors, guppyfry_early_orc_mine, uniq_sigmund,
          uniq_jessica

Skill      XL: |  1  2 |
---------------+-------+-----
Stealth        | 2 |  2.1
Fighting       | |  1.0
Dodging        | |  2.1
Unarmed Combat | |  3.4
Spellcasting   | |  2.1
Transmutations | |  2.1

Action                   || total
-------------------------++-------
Melee: Unarmed           ||    43
       Constrict         ||     6
       Punch             ||     1
       Tentacles         ||     6
 Cast: Beastly Appendage ||     2
 Stab: Sleeping          ||    10
Armor: Skin              ||     2
Dodge: Dodged            ||    16
